 Dungeon Crawl Stone Soup version 0.31-a0-174-g85c54bcb58 (webtiles) character file.

Game seed: 9567080398728539599

180 qw the Chopper (level 5, 0/32 HPs)
             Began as a Gargoyle Fighter on June 15, 2023.
             Slain by an orc wizard
             ... wielding a +0 dagger
              (2 damage)
             ... on level 3 of the Dungeon.
             The game lasted 00:01:07 (2019 turns).

qw the Chopper (Gargoyle Fighter)                   Turns: 2019, Time: 00:01:08

Health: 0/32       AC: 10    Str: 21    XL:     5   Next: 60%
Magic:  5/5        EV:  9    Int:  9    God:
Gold:   118        SH:  0    Dex:  9    Spells: 4/4 levels left

rFire   . . .        Y - +0 war axe
rCold   . . .        c - +0 buckler
rNeg    + . .        b - +0 scale mail
rPois   inf          (no helmet)
rElec   +            (no cloak)
rCorr   .            (no gloves)
SInv    .            (no boots)
Will    .....        (no amulet) Stlth
                     (no ring)
HPRegen 0.25/turn    (no ring)
MPRegen 0.09/turn

%: no passive effects
@: confused
A: sickness immunity, AC +4, negative energy resistance 1, electricity
resistance, torment resistance 1, petrification resistance
a: no special abilities


You were on level 3 of the Dungeon.
You visited 1 branch of the dungeon, and saw 3 of its levels.

You collected 118 gold pieces.


Innate Abilities, Weirdness & Mutations

You are immune to sickness and miasma.
Your stone body is resilient. (AC +4)
You are immune to poison.
You resist negative energy. (rN+)
You are resistant to electric shocks. (rElec)
You are resistant to unholy torment.
You are immune to petrification.


   Skills:
 + Level 3.3 Fighting
 - Level 5.1 Axes
 - Level 3.2 Armour
 - Level 3.2 Shields


You had 4 spell levels left.
You didn't know any spells.
Your spell library was empty.

Inventory:

Hand Weapons
 f - a +0 flail
 Y - a +0 war axe (weapon)
Armour
 b - a +0 scale mail (worn)
 c - a +0 buckler (worn)
Scrolls
 a - 3 scrolls of identify
Potions
 d - a potion of might

Dungeon Overview and Level Annotations

Branches:
Dungeon (3/15)

Altars:

Shops:
D:1 ?

Annotations:
D:1 exclusion: 2 goblins


Message History

You closely miss something. Something hits you.
Something hits you but does no damage.
You closely miss something.
You hear some strange, mumbled words.
You are confused.
Something hits you but does no damage. Something hits you but does no damage.
Something hits you but does no damage.
You're too confused to move!
You feel less confused. Something hits you but does no damage.
You closely miss something. Something hits you.
You slash something! Something hits you but does no damage.
You miss something. You block something's attack.
Something hits you but does no damage.
You closely miss something. Something hits you but does no damage.
You miss something. Something hits you.
You barely miss something. Something hits you.
You hear some strange, mumbled words.
A magic dart appears from out of thin air!
The magic dart hits you.
You closely miss something. Something hits you but does no damage.
You closely miss something. Something hits you but does no damage.
You hit something but do no damage.
You hear some strange, mumbled words.
You are confused.
You closely miss something.
Something hits you but does no damage. x2
Something hits you but does no damage. Something hits you.
You're too confused to move!
Something hits you.
You die...

##...#........# ...
#............# .....
#####........# ......
#######)#######...$..
#......)....)......
#.........)).......
#............$.....
#............#.....
#........@...#.....
#............# ####
#............#
#............#
##############


There were no monsters in sight!

Vanquished Creatures
  An ogre (D:3)
  An orc priest (D:3)
  2 worms
  2 orcs (D:3)
  8 ball pythons
  3 bats
  5 endoplasms
  A giant cockroach (D:1)
  8 goblins
  6 hobgoblins
  4 jackals (D:1)
  5 kobolds
  A quokka (D:1)
  5 rats
52 creatures vanquished.

Notes
Turn   | Place    | Note
-------+----------+-------------------------------------------
     0 | D:1      | qw the Gargoyle Fighter began the quest for the Orb.
     0 | D:1      | Reached XP level 1. HP: 14/14 MP: 1/1
     0 | D:1      | 0 ||| qw: Version: 0.2-a-29-g511e9b1
     0 | D:1      | 0 ||| qw: Game counter: 5218
     0 | D:1      | 0 ||| qw: Always use a shield: true
     0 | D:1      | 0 ||| qw: God list: Okawaru
     0 | D:1      | 0 ||| qw: Allow faded altars: false
     0 | D:1      | 0 ||| qw: Do Orc after D:15 true
     0 | D:1      | 0 ||| qw: Do second Lair branch before Depths: true
     0 | D:1      | 0 ||| qw: Lair rune preference: random
     0 | D:1      | 0 ||| qw: Plans: Normal, Zot:1-4, Slime:5, God:TSO, Crypt,
                  | Tomb, Abyss, Pan, Hells, Win
     0 | D:1      | 0 ||| PLANNING D:1-11
     8 | D:1      | Reached skill level 2 in Axes
    84 | D:1      | Reached XP level 2. HP: 19/19 MP: 2/2
   119 | D:1      | Found Naqefius's Magic Scroll Emporium.
   127 | D:1      | 127 ||| SHOPLISTING scroll of identify (24 gold, have 3).
   127 | D:1      | 127 ||| SHOPLISTING scroll of teleportation (36 gold, have
                  | 3).
   147 | D:1      | 147 ||| Stepping ~*~*~tactically~*~*~ (stealth).
   269 | D:1      | 269 ||| Stepping ~*~*~tactically~*~*~ (stealth).
   282 | D:1      | 282 ||| Stepping ~*~*~tactically~*~*~ (stealth).
   294 | D:1      | Reached skill level 3 in Axes
   305 | D:1      | 305 ||| Stepping ~*~*~tactically~*~*~ (stealth).
   320 | D:1      | Reached XP level 3. HP: 21/23 MP: 3/3
   750 | D:1      | 750 ||| READING 3 scrolls labelled LAKOALUDWI.
   819 | D:1      | 819 ||| READING scroll labelled DUREHE WOUMN.
   825 | D:1      | 825 ||| READING scroll labelled FOAXKE UWUILO.
   826 | D:1      | 826 ||| READING 2 scrolls of identify.
   826 | D:1      | 826 ||| IDENTIFYING fuming silvery potion
   827 | D:1      | 827 ||| DROPPING potion of brilliance.
   889 | D:2      | 889 ||| Stepping ~*~*~tactically~*~*~ (stealth).
   891 | D:2      | 891 ||| Stepping ~*~*~tactically~*~*~ (hiding).
   916 | D:2      | 916 ||| Stepping ~*~*~tactically~*~*~ (stealth).
  1179 | D:2      | 1179 ||| DROPPING +0 mace.
  1622 | D:2      | 1622 ||| READING scroll labelled ELOEGH AHUDWUSH.
  1689 | D:3      | Noticed an ogre
  1696 | D:3      | HP: 1/23 [ogre/+0 giant club (9)]
  1699 | D:3      | Killed an ogre
  1700 | D:3      | Reached skill level 4 in Axes
  1700 | D:3      | Reached XP level 4. HP: 2/28 MP: 4/4
  1700 | D:3      | Reached XP level 5. HP: 2/32 MP: 5/5
  1834 | D:3      | Found a faded altar of an unknown god.
  1978 | D:3      | 1978 ||| Stepping ~*~*~tactically~*~*~ (hiding).
  1979 | D:3      | 1979 ||| Stepping ~*~*~tactically~*~*~ (hiding).
  1997 | D:3      | Reached skill level 5 in Axes
  1998 | D:3      | HP: 8/32 [orc/+0 trident (6)]
  2007 | D:3      | HP: 7/32 [something (2)]
  2012 | D:3      | HP: 7/32 [something (1)]
  2012 | D:3      | HP: 1/32 [something/magic dart (6)]
  2018 | D:3      | HP: 1/32 [something (1)]
  2019 | D:3      | Slain by an orc wizard

Levels and vault maps discovered:
D:1:      dpeg_arrival_morbid_curiosity, layout_basic, serial_shops, shop,
          serial_bayou_lagoon_a
D:2:      layout_loops_ring
D:3:      layout_basic, serial_curves, eino_curves_04, eino_curves_03,
          dreamdust_ecumenical_altar_sealed_demon

Skill      XL: |  1  2  3  4  5 |
---------------+----------------+-----
Axes           | 2 3 4 5 |  5.1
Fighting       | |  3.3
Armour         | |  3.2
Shields        | |  3.2

Action                     |  1- 3 |  4- 6 || total
---------------------------+-------+-------++-------
  Melee: War axe           |   146 |    31 ||   177
    Use: Scroll            |     5 |       ||     5
 Armour: Scale mail        |    55 |    35 ||    90
  Dodge: Dodged            |    61 |    17 ||    78
  Block: Buckler           |    30 |     6 ||    36

Table legend:
 A = Non-vault XP
 B = Vault XP
 C = Vault XP percentage of total XP
 D = Non-vault monster count
 E = Vault monster count
 F = Vault count percentage of total count
                 A         B        C        D         E       F
            +---------+---------+-------+---------+---------+-------
      Total |     254 |       4 |   1.6 |      50 |       2 |   3.8
            +---------+---------+-------+---------+---------+-------
        D:1 |      46 |       4 |   8.0 |      27 |       2 |   6.9
        D:2 |      22 |       0 |   0.0 |      11 |       0 |   0.0
        D:3 |     186 |       0 |   0.0 |      12 |       0 |   0.0
            +---------+---------+-------+---------+---------+-------
